 Dungeon Crawl Stone Soup version 0.16-a0-3154-g62f4276 (webtiles) character file.

70 TekDriveTruck the Insei (level 4, -4/30 HPs)
             Began as a Lacertilian Monk on Feb 19, 2015.
             Slain by Grinder (5 damage)
             ... on level 3 of the Dungeon.
             The game lasted 00:05:23 (1817 turns).

TekDriveTruck the Insei (Lacertilian Monk)          Turns: 1817, Time: 00:05:23

Health: -4/30      AC:  5    Str: 11    XL:     4   Next: 3%
Magic:  3/3        EV: 13    Int: 10    God:
Gold:   80         SH:  0    Dex: 17    Spells: 0 memorised, 3 levels left

rFire  . . .     SeeInvis .       - Unarmed
rCold  . . .     Clarity  .     a - +0 robe
rNeg   . . .     SustAb   .     (no shield)
rPois  .         Gourm    .     (no helmet)
rElec  .         Spirit   .     (no cloak)
rCorr  .         Warding  .     (no gloves)
rMut   .         Stasis   .     (no boots)
MR     .....                    (no amulet)
Stlth  +++.......               (no ring)
                                (no ring)

@: not resistant to hostile enchantments, fairly stealthy
A: strong connection with the divine, slimy green scales 2, camouflage 1
a: no special abilities


You were on level 3 of the Dungeon.
You were not hungry.

You visited 1 branch of the dungeon, and saw 3 of its levels.

You collected 80 gold pieces.

Inventory:

Armour
 a - a +0 robe (worn)
Scrolls
 d - 2 scrolls of enchant armour {unknown}
 e - 2 scrolls of immolation {unknown}
 f - 2 scrolls of teleportation {unknown}
 g - a scroll of enchant weapon {unknown}
 j - a scroll of amnesia {unknown}
 k - 2 scrolls of remove curse {unknown}
 l - a scroll of magic mapping {unknown}
 m - 3 scrolls of identify {unknown}
Potions
 h - 2 potions of heal wounds {unknown}
 i - 2 potions of curing {unknown}
Comestibles
 b - a bread ration
 c - 2 meat rations
 n - 3 fruits
 o - a chunk of flesh


   Skills:
 + Level 2.8 Fighting
 - Level 3.0 Dodging
 - Level 2.4 Stealth
 * Level 4.8 Unarmed Combat


You had 3 spell levels left.
You didn't know any spells.

Dungeon Overview and Level Annotations

Branches:
Dungeon (3/15)

Altars:

Annotations:
D:3 Grinder


Innate Abilities, Weirdness & Mutations

You have a strong connection with the divine.
You may change religions without suffering divine wrath.
You are mostly covered in slimy green scales (AC +3).
Your skin changes colour to match your surroundings (Stealth).


Message History

You are too injured to fight recklessly!
You are too injured to fight recklessly!
You are too injured to fight recklessly!
You are too injured to fight recklessly!
You are too injured to fight recklessly!
You are too injured to fight recklessly!
You are too injured to fight recklessly!
You are too injured to fight recklessly!
You are too injured to fight recklessly!
You are too injured to fight recklessly!
You are too injured to fight recklessly!
You are too injured to fight recklessly!
You are too injured to fight recklessly!
You are too injured to fight recklessly!
You hit Grinder.
Grinder is lightly wounded.
Grinder hits you.
* * * LOW HITPOINT WARNING * * *
You writhe in agony.
You die...

#
..#.#############
#...............#
#†......#
#.##..#.##
#@##.....#
#......5###<#..#
#..[....# #.#..#
#........ .......
........##.......#
.......##.###.#.#
......##. .#.#
.....##. .# ####.


You could see Grinder.

Vanquished Creatures
  A worm (D:2)
  A giant gecko (D:1)
  2 ball pythons
  4 goblins
  6 hobgoblins
  17 jackals (D:1)
  8 kobolds
  7 bats
  A giant cockroach (D:1)
  5 giant newts
  5 rats
57 creatures vanquished.

Notes
Turn   | Place    | Note
--------------------------------------------------------------
     0 | D:1      | TekDriveTruck, the Lacertilian Monk, began the quest for the Orb.
     0 | D:1      | Reached XP level 1. HP: 15/15 MP: 1/1
     0 | D:1      | Noticed a merfolk zombie
     1 | D:1      | Noticed a draconian zombie
     3 | D:1      | Noticed a draconian zombie
     6 | D:1      | Noticed a troll zombie
    14 | D:1      | Noticed a human zombie
    16 | D:1      | Noticed a formicid zombie
    16 | D:1      | Noticed a troll zombie
    18 | D:1      | Noticed a troll zombie
   129 | D:1      | Reached XP level 2. HP: 14/20 MP: 2/2
   136 | D:1      | Reached skill level 4 in Unarmed Combat
   695 | D:1      | Reached XP level 3. HP: 25/25 MP: 3/3
  1799 | D:3      | Noticed Grinder
  1802 | D:3      | Paralysed by Grinder for 7 turns
  1813 | D:3      | Reached XP level 4. HP: 15/30 MP: 3/3
  1817 | D:3      | HP: 1/30 [Grinder (2)]
  1817 | D:3      | Slain by Grinder

Action                   |  1- 3 |  4- 6 || total
-------------------------+-------+-------++-------
Melee: Unarmed           |   180 |     3 ||   183
 Stab: Sleeping          |    10 |       ||    10
  Eat: Chunk             |     3 |       ||     3
